[ AOE2 MATCH · #464637099 ]
UnrankedPersians vs Koreans
[ REPLAY ANALYSIS · EXTRACTED FROM THE RECORDED GAME ]
Feudal
11:07
Castle
17:42
Imperial
31:38
| APM avg | 30.2 |
| APM peak | 46 |
| eAPM avg | 17.3 |
| Villagers / military | 131 / 251 |
Focus
⚔️ 28.4% · 🌾 71.6%
Knight ×130 · Archer ×94 · Bombard Cannon ×18 · Fishing Ship ×9 · Unknown (2626) ×7 · Trade Cart ×5
Feudal
—
Castle
—
Imperial
—
| APM avg | 38.6 |
| APM peak | 104 |
| eAPM avg | 16.9 |
| Villagers / military | 96 / 71 |
Focus
⚔️ 26.3% · 🌾 73.7%
Archer ×23 · Skirmisher ×22 · Fishing Ship ×22 · Knight ×14 · Fire Lancer ×8 · Spearman ×4
Feudal
—
Castle
—
Imperial
—
| APM avg | 31.1 |
| APM peak | 61 |
| eAPM avg | 18.4 |
| Villagers / military | 162 / 296 |
Focus
⚔️ 27.3% · 🌾 72.7%
Spearman ×235 · Galley ×31 · Fishing Ship ×16 · Mangonel ×10 · Samurai ×8 · Battering Ram ×6
Feudal
13:20
Castle
22:56
Imperial
44:57
| APM avg | 23.0 |
| APM peak | 45 |
| eAPM avg | 11.7 |
| Villagers / military | 92 / 100 |
Focus
⚔️ 32.2% · 🌾 67.8%
Archer ×50 · Scout Cavalry ×18 · Spearman ×16 · Fishing Ship ×8 · Galley ×6 · Skirmisher ×5
Match map
Initial resources + every placement click. Lines = walls · curves = elevation contours. ◆ gold · ⬟ stone · ● berries · ✦ relic · ◌ wall gap
Inputs per minute
— chris3er - - Mendihotza
Build order — chris3er
First 150 of 472 actions detected
| 0:01 | Create | Villager (Male) |
| 0:01 | Create | Villager (Male) |
| 0:04 | Build | House |
| 0:06 | Build | House |
| 0:23 | Create | Villager (Male) |
| 0:23 | Create | Villager (Male) |
| 0:23 | Create | Villager (Male) |
| 0:23 | Create | Villager (Male) |
| 1:27 | Create | Villager (Male) |
| 1:52 | Build | Lumber Camp |
| 2:07 | Create | Villager (Male) |
| 2:07 | Create | Villager (Male) |
| 2:11 | Build | House |
| 2:22 | Create | Villager (Male) |
| 3:02 | Create | Villager (Male) |
| 3:02 | Create | Villager (Male) |
| 3:02 | Create | Villager (Male) |
| 3:22 | Build | Mill |
| 3:25 | Create | Villager (Male) |
| 3:25 | Create | Villager (Male) |
| 3:30 | Research | Loom |
| 3:43 | Create | Villager (Male) |
| 3:46 | Create | Villager (Male) |
| 3:47 | Create | Villager (Male) |
| 4:00 | Create | Villager (Male) |
| 5:02 | Create | Villager (Male) |
| 5:02 | Create | Villager (Male) |
| 5:06 | Create | Villager (Male) |
| 5:20 | Build | Dock |
| 6:00 | Create | Villager (Male) |
| 6:00 | Create | Villager (Male) |
| 6:06 | Create | Fishing Ship |
| 6:09 | Build | House |
| 6:21 | Create | Villager (Male) |
| 6:22 | Create | Villager (Male) |
| 6:22 | Create | Villager (Male) |
| 6:34 | Create | Fishing Ship |
| 7:00 | Build | House |
| 7:04 | Create | Fishing Ship |
| 7:26 | Build | House |
| 7:33 | Create | Villager (Male) |
| 7:34 | Create | Villager (Male) |
| 7:34 | Create | Villager (Male) |
| 7:36 | Create | Fishing Ship |
| 8:07 | Build | Mining Camp |
| 8:21 | Build | Palisade Wall |
| 8:31 | Create | Fishing Ship |
| 9:03 | Research | Feudal Age |
| 9:09 | Build | Palisade Wall |
| 9:16 | Build | Palisade Wall |
| 9:20 | Create | Fishing Ship |
| 10:09 | Build | Dock |
| 10:14 | Create | Fishing Ship |
| 11:06 | Create | Villager (Male) |
| 11:06 | Create | Villager (Male) |
| 11:06 | Create | Villager (Male) |
| 11:07 | Age | Feudal Age |
| 11:09 | Research | Double-Bit Axe |
| 11:17 | Create | Unit 2626 |
| 11:24 | Create | Unit 2626 |
| 11:28 | Create | Villager (Male) |
| 11:28 | Create | Villager (Male) |
| 11:52 | Create | Villager (Male) |
| 11:55 | Build | House |
| 12:32 | Create | Unit 2626 |
| 12:36 | Create | Unit 2626 |
| 12:43 | Create | Villager (Male) |
| 12:43 | Create | Villager (Male) |
| 12:48 | Build | House |
| 12:50 | Create | Villager (Male) |
| 12:50 | Create | Villager (Male) |
| 13:13 | Create | Unit 2626 |
| 13:40 | Build | Stone Wall |
| 13:46 | Create | Villager (Male) |
| 13:49 | Build | Blacksmith |
| 14:08 | Create | Fishing Ship |
| 14:20 | Build | House |
| 14:23 | Build | House |
| 14:34 | Build | Market |
| 15:08 | Build | Mining Camp |
| 15:17 | Research | Castle Age |
| 15:31 | Build | Dock |
| 15:41 | Create | Unit 2626 |
| 15:41 | Create | Unit 2626 |
| 15:52 | Research | Gold Mining |
| 16:06 | Build | Stone Wall |
| 16:57 | Build | Barracks |
| 17:00 | Create | Villager (Male) |
| 17:00 | Create | Villager (Male) |
| 17:00 | Create | Villager (Male) |
| 17:18 | Create | Fishing Ship |
| 17:42 | Age | Castle Age |
| 17:54 | Build | Stable |
| 18:08 | Build | Siege Workshop |
| 18:11 | Create | Villager (Male) |
| 18:11 | Create | Villager (Male) |
| 18:33 | Build | Stable |
| 18:41 | Create | Knight |
| 18:41 | Create | Knight |
| 18:42 | Create | Knight |
| 18:48 | Build | Town Center |
| 18:52 | Research | Scale Barding Armor |
| 19:05 | Build | House |
| 19:06 | Build | House |
| 19:06 | Build | House |
| 19:08 | Build | House |
| 19:28 | Research | Bloodlines |
| 19:29 | Create | Knight |
| 19:29 | Create | Knight |
| 19:37 | Build | Siege Workshop |
| 19:47 | Research | Forging |
| 19:50 | Create | Villager (Male) |
| 19:50 | Create | Villager (Male) |
| 19:50 | Create | Villager (Male) |
| 19:50 | Create | Villager (Male) |
| 20:14 | Create | Villager (Male) |
| 20:14 | Create | Villager (Male) |
| 20:16 | Build | Farm |
| 20:17 | Build | Farm |
| 20:18 | Build | Farm |
| 20:20 | Build | Farm |
| 20:41 | Create | Knight |
| 20:42 | Create | Knight |
| 20:52 | Create | Villager (Male) |
| 20:55 | Create | Villager (Male) |
| 21:09 | Create | Battering Ram |
| 21:16 | Build | House |
| 21:17 | Build | House |
| 22:05 | Create | Knight |
| 22:05 | Create | Knight |
| 22:08 | Create | Villager (Male) |
| 22:08 | Create | Villager (Male) |
| 22:11 | Build | Farm |
| 22:13 | Build | Farm |
| 22:14 | Build | Farm |
| 22:15 | Build | Farm |
| 22:16 | Build | Farm |
| 22:21 | Build | Farm |
| 22:21 | Create | Villager (Male) |
| 22:22 | Create | Villager (Male) |
| 22:40 | Build | House |
| 22:41 | Build | House |
| 22:41 | Build | House |
| 22:41 | Build | House |
| 23:09 | Create | Knight |
| 23:12 | Create | Villager (Male) |
| 23:12 | Create | Villager (Male) |
| 23:15 | Build | Farm |
| 23:16 | Build | Farm |
| 23:18 | Build | Farm |
Build order — Mendihotza
First 150 of 299 actions detected
| 0:06 | Build | House |
| 0:08 | Build | House |
| 0:08 | Create | Villager (Male) |
| 0:09 | Create | Villager (Male) |
| 0:09 | Create | Villager (Male) |
| 0:09 | Create | Villager (Male) |
| 0:09 | Create | Villager (Male) |
| 1:35 | Create | Villager (Male) |
| 1:36 | Create | Villager (Male) |
| 1:36 | Create | Villager (Male) |
| 2:02 | Build | Lumber Camp |
| 2:17 | Create | Villager (Male) |
| 2:17 | Create | Villager (Male) |
| 2:31 | Create | Villager (Male) |
| 2:32 | Create | Villager (Male) |
| 2:32 | Create | Villager (Male) |
| 3:00 | Create | Villager (Male) |
| 3:00 | Create | Villager (Male) |
| 3:00 | Create | Villager (Male) |
| 3:26 | Create | Villager (Male) |
| 3:26 | Create | Villager (Male) |
| 3:48 | Create | Villager (Male) |
| 3:48 | Create | Villager (Male) |
| 3:55 | Build | House |
| 4:02 | Build | Mill |
| 4:20 | Create | Villager (Male) |
| 4:20 | Create | Villager (Male) |
| 4:20 | Create | Villager (Male) |
| 4:20 | Create | Villager (Male) |
| 4:47 | Create | Villager (Male) |
| 4:47 | Create | Villager (Male) |
| 4:47 | Create | Villager (Male) |
| 5:19 | Create | Villager (Male) |
| 5:19 | Create | Villager (Male) |
| 5:19 | Create | Villager (Male) |
| 5:36 | Build | House |
| 5:43 | Create | Villager (Male) |
| 5:44 | Create | Villager (Male) |
| 5:44 | Create | Villager (Male) |
| 6:44 | Create | Villager (Male) |
| 6:45 | Create | Villager (Male) |
| 6:45 | Create | Villager (Male) |
| 6:45 | Create | Villager (Male) |
| 6:47 | Research | Loom |
| 7:50 | Build | Barracks |
| 8:08 | Research | Feudal Age |
| 8:08 | Research | Feudal Age |
| 8:08 | Research | Feudal Age |
| 8:40 | Build | Mining Camp |
| 10:04 | Build | House |
| 10:06 | Build | Palisade Wall |
| 10:06 | Build | Palisade Wall |
| 10:07 | Build | Palisade Wall |
| 10:08 | Build | Palisade Wall |
| 10:17 | Build | Building 800 |
| 10:19 | Build | Palisade Wall |
| 10:42 | Build | Watch Tower |
| 10:53 | Create | Villager (Male) |
| 10:54 | Create | Villager (Male) |
| 10:54 | Create | Villager (Male) |
| 11:07 | Build | House |
| 11:12 | Build | Palisade Wall |
| 11:12 | Build | Palisade Wall |
| 11:22 | Build | Palisade Wall |
| 11:30 | Build | House |
| 11:49 | Build | Building 796 |
| 12:15 | Create | Villager (Male) |
| 12:15 | Create | Villager (Male) |
| 12:15 | Create | Villager (Male) |
| 12:27 | Create | Villager (Male) |
| 12:27 | Create | Villager (Male) |
| 12:28 | Create | Villager (Male) |
| 12:39 | Build | Archery Range |
| 13:47 | Build | Watch Tower |
| 14:05 | Build | Mining Camp |
| 14:36 | Create | Villager (Male) |
| 14:37 | Create | Villager (Male) |
| 14:50 | Build | Archery Range |
| 15:05 | Create | Villager (Male) |
| 15:31 | Create | Archer |
| 15:32 | Create | Archer |
| 15:51 | Build | House |
| 16:05 | Build | Palisade Wall |
| 16:05 | Build | Palisade Wall |
| 16:15 | Create | Archer |
| 16:15 | Create | Archer |
| 16:15 | Create | Archer |
| 16:15 | Create | Archer |
| 16:31 | Build | Watch Tower |
| 16:35 | Create | Archer |
| 16:35 | Create | Archer |
| 16:35 | Create | Archer |
| 16:36 | Create | Archer |
| 17:03 | Create | Archer |
| 17:03 | Create | Archer |
| 17:11 | Create | Villager (Male) |
| 17:26 | Create | Archer |
| 17:26 | Create | Archer |
| 17:58 | Build | Watch Tower |
| 18:03 | Create | Archer |
| 18:03 | Create | Archer |
| 18:03 | Create | Archer |
| 18:18 | Create | Villager (Male) |
| 18:19 | Create | Villager (Male) |
| 18:19 | Create | Villager (Male) |
| 18:26 | Build | House |
| 19:13 | Build | Watch Tower |
| 19:18 | Create | Archer |
| 19:18 | Create | Archer |
| 19:23 | Create | Villager (Male) |
| 19:23 | Create | Villager (Male) |
| 19:31 | Create | Archer |
| 19:31 | Create | Archer |
| 19:31 | Create | Archer |
| 19:32 | Create | Archer |
| 20:23 | Build | Blacksmith |
| 20:50 | Build | Stone Wall |
| 20:51 | Build | Stone Wall |
| 20:52 | Build | Stone Wall |
| 20:53 | Build | Stone Wall |
| 20:53 | Build | Stone Wall |
| 20:53 | Build | Stone Wall |
| 20:54 | Build | Stone Wall |
| 20:54 | Build | Stone Wall |
| 20:55 | Build | Stone Wall |
| 20:55 | Build | Stone Wall |
| 21:03 | Build | House |
| 21:05 | Build | House |
| 21:21 | Research | Forging |
| 21:30 | Build | Market |
| 21:56 | Build | Stone Wall |
| 21:58 | Build | Stone Wall |
| 21:59 | Build | Stone Wall |
| 22:27 | Build | Farm |
| 22:28 | Build | Farm |
| 22:28 | Build | Farm |
| 22:49 | Build | Watch Tower |
| 23:35 | Research | Castle Age |
| 23:35 | Research | Castle Age |
| 23:35 | Research | Castle Age |
| 23:51 | Build | Farm |
| 23:52 | Build | Farm |
| 23:52 | Build | Farm |
| 23:52 | Build | Farm |
| 24:00 | Build | Stable |
| 24:09 | Build | House |
| 24:15 | Build | House |
| 25:05 | Create | Spearman |
| 25:05 | Create | Spearman |
| 25:05 | Create | Spearman |
Build order — andyalmavila
First 150 of 470 actions detected
| 0:02 | Create | Villager (Male) |
| 0:02 | Create | Villager (Male) |
| 0:02 | Create | Villager (Male) |
| 0:03 | Create | Villager (Male) |
| 0:03 | Create | Villager (Male) |
| 0:04 | Build | House |
| 0:06 | Build | House |
| 1:33 | Create | Villager (Male) |
| 1:33 | Create | Villager (Male) |
| 2:05 | Create | Villager (Male) |
| 2:05 | Create | Villager (Male) |
| 2:16 | Build | Lumber Camp |
| 2:29 | Create | Villager (Male) |
| 2:30 | Create | Villager (Male) |
| 2:59 | Create | Villager (Male) |
| 2:59 | Create | Villager (Male) |
| 3:15 | Create | Villager (Male) |
| 3:15 | Create | Villager (Male) |
| 3:39 | Create | Villager (Male) |
| 3:40 | Create | Villager (Male) |
| 4:01 | Create | Villager (Male) |
| 4:02 | Create | Villager (Male) |
| 4:20 | Build | House |
| 4:34 | Create | Villager (Male) |
| 4:35 | Create | Villager (Male) |
| 4:39 | Build | Dock |
| 4:52 | Research | Loom |
| 5:09 | Create | Villager (Male) |
| 5:10 | Create | Villager (Male) |
| 5:35 | Create | Villager (Male) |
| 5:35 | Create | Villager (Male) |
| 5:36 | Create | Villager (Male) |
| 5:54 | Create | Fishing Ship |
| 5:54 | Create | Fishing Ship |
| 6:16 | Create | Villager (Male) |
| 6:16 | Create | Villager (Male) |
| 6:16 | Create | Villager (Male) |
| 6:22 | Build | House |
| 7:16 | Create | Villager (Male) |
| 7:23 | Create | Villager (Male) |
| 7:46 | Build | Mining Camp |
| 7:47 | Create | Villager (Male) |
| 8:02 | Build | Dock |
| 8:40 | Build | House |
| 8:45 | Research | Feudal Age |
| 8:46 | Research | Feudal Age |
| 9:21 | Build | Mill |
| 11:12 | Create | Unit 2626 ×4 |
| 11:14 | Create | Villager (Male) |
| 11:17 | Create | Villager (Male) |
| 11:53 | Build | Palisade Wall |
| 11:55 | Create | Villager (Male) |
| 12:02 | Build | House |
| 12:06 | Build | Palisade Wall |
| 13:00 | Create | Unit 2626 |
| 13:08 | Create | Villager (Male) |
| 13:30 | Build | Lumber Camp |
| 13:40 | Create | Galley |
| 13:52 | Create | Villager (Male) |
| 14:01 | Build | House |
| 14:36 | Build | Blacksmith |
| 15:03 | Create | Villager (Male) |
| 15:03 | Create | Villager (Male) |
| 15:03 | Create | Villager (Male) |
| 15:10 | Build | Market |
| 15:13 | Research | Loom |
| 15:17 | Research | Loom |
| 15:18 | Create | Villager (Male) |
| 15:18 | Create | Villager (Male) |
| 15:34 | Research | Wheelbarrow |
| 15:44 | Create | Villager (Male) |
| 16:02 | Research | Castle Age |
| 16:02 | Research | Castle Age |
| 16:07 | Build | Palisade Wall |
| 16:19 | Create | Galley ×3 |
| 16:34 | Build | Palisade Wall |
| 16:50 | Research | Double-Bit Axe |
| 17:15 | Create | Galley ×2 |
| 17:16 | Research | Fletching |
| 17:16 | Research | Fletching |
| 17:20 | Research | Forging |
| 17:22 | Build | House |
| 17:57 | Create | Galley ×3 |
| 18:02 | Build | House |
| 18:57 | Research | War Galley (upgrade) |
| 18:59 | Research | Bodkin Arrow |
| 18:59 | Research | Bodkin Arrow |
| 19:00 | Research | Iron Casting |
| 19:00 | Research | Iron Casting |
| 19:06 | Build | University |
| 19:10 | Create | Villager (Male) |
| 19:10 | Create | Villager (Male) |
| 19:16 | Create | Villager (Male) |
| 19:18 | Build | Farm |
| 19:19 | Build | Farm |
| 19:29 | Create | Galley ×3 |
| 19:58 | Create | Villager (Male) |
| 20:03 | Create | Galley ×2 |
| 20:37 | Create | Villager (Male) |
| 21:01 | Create | Villager (Male) |
| 21:06 | Build | Farm |
| 21:21 | Create | Villager (Male) |
| 21:32 | Research | Ballistics |
| 21:33 | Create | Villager (Male) |
| 21:34 | Create | Villager (Male) |
| 21:38 | Build | House |
| 22:04 | Build | House |
| 22:20 | Create | Villager (Male) |
| 22:21 | Create | Villager (Male) |
| 22:30 | Build | Dock |
| 22:36 | Create | Fishing Ship ×4 |
| 23:21 | Create | Villager (Male) |
| 23:31 | Create | Villager (Male) |
| 23:36 | Create | Galley ×3 |
| 23:38 | Create | Villager (Male) |
| 23:47 | Build | Palisade Wall |
| 24:00 | Build | House |
| 24:05 | Build | Mining Camp |
| 24:22 | Create | Villager (Male) |
| 24:43 | Create | Villager (Male) |
| 24:51 | Create | Galley ×3 |
| 24:51 | Create | Galley ×3 |
| 24:54 | Create | Villager (Male) |
| 24:57 | Build | House |
| 25:12 | Research | Careening |
| 25:12 | Research | Careening |
| 25:30 | Create | Villager (Male) |
| 25:32 | Create | Villager (Male) |
| 25:38 | Research | Coinage |
| 25:38 | Research | Coinage |
| 25:47 | Create | Villager (Male) |
| 25:51 | Create | Galley ×4 |
| 25:51 | Create | Galley ×4 |
| 25:58 | Build | House |
| 25:59 | Build | House |
| 26:24 | Build | Mining Camp |
| 26:43 | Research | Wheelbarrow |
| 27:00 | Create | Villager (Male) |
| 27:41 | Create | Fishing Ship ×5 |
| 28:02 | Create | Villager (Male) |
| 28:02 | Create | Villager (Male) |
| 28:09 | Build | Lumber Camp |
| 28:16 | Create | Villager (Male) |
| 28:16 | Create | Villager (Male) |
| 28:17 | Create | Villager (Male) |
| 28:17 | Create | Villager (Male) |
| 28:28 | Build | Lumber Camp |
| 28:32 | Build | Barracks |
| 29:10 | Build | Dock |
| 29:45 | Build | Castle |
Build order — K4rstein
First 150 of 359 actions detected
| 0:05 | Create | Villager (Male) |
| 0:05 | Create | Villager (Male) |
| 0:10 | Build | House |
| 0:29 | Create | Villager (Male) |
| 0:29 | Create | Villager (Male) |
| 0:30 | Create | Villager (Male) |
| 0:48 | Build | House |
| 1:38 | Create | Villager (Male) |
| 1:49 | Build | Mill |
| 2:26 | Create | Villager (Male) |
| 2:27 | Create | Villager (Male) |
| 3:08 | Create | Villager (Male) |
| 3:24 | Create | Villager (Male) |
| 3:39 | Build | Lumber Camp |
| 3:52 | Create | Villager (Male) |
| 4:21 | Create | Villager (Male) |
| 4:38 | Research | Loom |
| 4:57 | Build | House |
| 4:57 | Create | Villager (Male) |
| 5:16 | Create | Villager (Male) |
| 5:38 | Create | Villager (Male) |
| 6:06 | Create | Villager (Male) |
| 6:17 | Build | House |
| 6:31 | Build | Dock |
| 6:47 | Create | Villager (Male) |
| 6:48 | Create | Villager (Male) |
| 7:06 | Build | House |
| 7:24 | Create | Fishing Ship |
| 7:41 | Create | Villager (Male) |
| 7:42 | Create | Villager (Male) |
| 8:08 | Create | Villager (Male) |
| 8:16 | Create | Villager (Male) |
| 8:16 | Create | Villager (Male) |
| 8:28 | Create | Fishing Ship |
| 8:39 | Create | Villager (Male) |
| 9:04 | Create | Villager (Male) |
| 9:04 | Create | Villager (Male) |
| 9:04 | Create | Villager (Male) |
| 9:19 | Build | Dock |
| 9:22 | Create | Fishing Ship |
| 9:28 | Build | House |
| 9:42 | Build | Mining Camp |
| 10:25 | Create | Fishing Ship |
| 11:10 | Research | Feudal Age |
| 12:13 | Create | Fishing Ship |
| 12:17 | Create | Fishing Ship |
| 12:39 | Build | Palisade Wall |
| 12:59 | Build | Palisade Wall |
| 13:20 | Age | Feudal Age |
| 13:25 | Create | Unit 2626 |
| 13:30 | Create | Unit 2626 |
| 13:52 | Build | House |
| 14:01 | Build | Stone Wall |
| 14:04 | Build | Stone Wall |
| 14:05 | Build | Stone Wall |
| 14:17 | Create | Galley |
| 14:22 | Create | Galley |
| 14:34 | Build | House |
| 14:41 | Build | Barracks |
| 15:04 | Create | Villager (Male) |
| 15:05 | Create | Villager (Male) |
| 15:07 | Create | Villager (Male) |
| 15:07 | Create | Villager (Male) |
| 15:23 | Build | Dock |
| 15:30 | Create | Villager (Male) |
| 15:31 | Create | Villager (Male) |
| 15:36 | Create | Villager (Male) |
| 15:44 | Build | House |
| 15:50 | Create | Spearman |
| 15:53 | Create | Spearman |
| 16:20 | Create | Galley |
| 16:22 | Build | House |
| 16:57 | Build | Archery Range |
| 17:35 | Build | Blacksmith |
| 17:39 | Create | Skirmisher |
| 17:39 | Create | Skirmisher |
| 18:03 | Build | House |
| 18:10 | Create | Fishing Ship |
| 18:21 | Create | Skirmisher |
| 18:21 | Create | Skirmisher |
| 18:24 | Research | Fletching |
| 18:36 | Build | Watch Tower |
| 18:46 | Create | Skirmisher |
| 19:23 | Build | Mining Camp |
| 20:16 | Research | Castle Age |
| 20:30 | Build | Archery Range |
| 20:48 | Create | Archer |
| 20:49 | Create | Archer |
| 20:53 | Research | Padded Archer Armor |
| 20:58 | Research | Double-Bit Axe |
| 21:01 | Research | Horse Collar |
| 21:33 | Build | Farm |
| 21:36 | Build | Farm |
| 21:39 | Build | Farm |
| 21:43 | Build | Farm |
| 21:53 | Create | Galley |
| 21:58 | Create | Fishing Ship |
| 22:02 | Create | Galley |
| 22:03 | Create | Galley |
| 22:28 | Create | Archer |
| 22:29 | Create | Archer |
| 22:32 | Create | Archer |
| 22:32 | Create | Archer |
| 22:56 | Age | Castle Age |
| 23:19 | Research | Crossbowman (upgrade) |
| 23:35 | Research | War Galley (upgrade) |
| 23:41 | Create | Villager (Male) |
| 23:43 | Create | Villager (Male) |
| 23:59 | Create | Villager (Male) |
| 24:11 | Build | Town Center |
| 24:25 | Create | Archer |
| 24:26 | Create | Archer |
| 24:27 | Create | Archer |
| 24:28 | Create | Archer |
| 24:31 | Create | Villager (Male) |
| 24:31 | Create | Villager (Male) |
| 25:01 | Create | Villager (Male) |
| 25:15 | Create | Archer |
| 25:20 | Create | Villager (Male) |
| 25:20 | Create | Villager (Male) |
| 25:31 | Build | House |
| 25:32 | Build | House |
| 25:38 | Create | Villager (Male) |
| 26:09 | Create | Villager (Male) |
| 26:28 | Build | Farm |
| 26:32 | Build | Farm |
| 26:36 | Build | Farm |
| 26:49 | Create | Villager (Male) |
| 27:02 | Build | House |
| 27:21 | Build | Town Center |
| 27:30 | Create | Archer |
| 27:31 | Create | Archer |
| 27:32 | Create | Archer |
| 27:32 | Create | Archer |
| 28:14 | Create | Villager (Male) |
| 28:15 | Create | Villager (Male) |
| 28:15 | Create | Villager (Male) |
| 28:32 | Create | Villager (Male) |
| 28:39 | Build | House |
| 28:47 | Create | Villager (Male) |
| 28:53 | Build | Farm |
| 28:56 | Build | Farm |
| 28:58 | Build | Farm |
| 29:19 | Create | Villager (Male) |
| 29:31 | Build | House |
| 29:35 | Build | House |
| 29:36 | Build | House |
| 29:42 | Build | Farm |
| 29:46 | Build | Farm |
| 29:48 | Build | Farm |
Match timeline
| 4:39 | andyalmavila · first_building Dock |
| 5:20 | chris3er · first_building Dock |
| 6:31 | K4rstein · first_building Dock |
| 7:50 | Mendihotza · first_building Barracks |
| 8:21 | chris3er · wall_segment Palisade Wall x5 |
| 9:09 | chris3er · wall_segment Palisade Wall x3 |
| 9:16 | chris3er · wall_segment Palisade Wall x1 |
| 10:06 | Mendihotza · wall_segment Palisade Wall x1 |
| 10:06 | Mendihotza · wall_segment Palisade Wall x1 |
| 10:07 | Mendihotza · wall_segment Palisade Wall x1 |
| 10:08 | Mendihotza · wall_segment Palisade Wall x1 |
| 10:19 | Mendihotza · wall_segment Palisade Wall x1 |
| 11:07 | chris3er · age_up feudal |
| 11:12 | Mendihotza · wall_segment Palisade Wall x1 |
| 11:12 | Mendihotza · wall_segment Palisade Wall x1 |
| 11:22 | Mendihotza · wall_segment Palisade Wall x1 |
| 11:53 | andyalmavila · wall_segment Palisade Wall x15 |
| 12:06 | andyalmavila · wall_segment Palisade Wall x1 |
| 12:39 | K4rstein · wall_segment Palisade Wall x1 |
| 12:39 | Mendihotza · first_building Archery Range |
| 12:59 | K4rstein · wall_segment Palisade Wall x1 |
| 13:20 | K4rstein · age_up feudal |
| 13:40 | chris3er · wall_segment Stone Wall x8 |
| 14:01 | K4rstein · wall_segment Stone Wall x1 |
| 14:04 | K4rstein · wall_segment Stone Wall x1 |
| 14:05 | K4rstein · wall_segment Stone Wall x1 |
| 14:41 | K4rstein · first_building Barracks |
| 16:05 | Mendihotza · wall_segment Palisade Wall x1 |
| 16:05 | Mendihotza · wall_segment Palisade Wall x1 |
| 16:06 | chris3er · wall_segment Stone Wall x4 |
| 16:07 | andyalmavila · wall_segment Palisade Wall x1 |
| 16:34 | andyalmavila · wall_segment Palisade Wall x8 |
| 16:57 | chris3er · first_building Barracks |
| 16:57 | K4rstein · first_building Archery Range |
| 17:42 | chris3er · age_up castle |
| 17:54 | chris3er · first_building Stable |
| 18:08 | chris3er · first_building Siege Workshop |
| 18:28 | chris3er · first_market_sell 100 food |
| 18:29 | chris3er · first_market_buy 100 wood |
| 20:50 | Mendihotza · wall_segment Stone Wall x1 |
| 20:51 | Mendihotza · wall_segment Stone Wall x1 |
| 20:52 | Mendihotza · wall_segment Stone Wall x1 |
| 20:53 | Mendihotza · wall_segment Stone Wall x2 |
| 20:53 | Mendihotza · wall_segment Stone Wall x1 |
| 20:53 | Mendihotza · wall_segment Stone Wall x1 |
| 20:54 | Mendihotza · wall_segment Stone Wall x1 |
| 20:54 | Mendihotza · wall_segment Stone Wall x1 |
| 20:55 | Mendihotza · wall_segment Stone Wall x1 |
| 20:55 | Mendihotza · wall_segment Stone Wall x1 |
| 21:56 | Mendihotza · wall_segment Stone Wall x1 |
| 21:58 | Mendihotza · wall_segment Stone Wall x1 |
| 21:59 | Mendihotza · wall_segment Stone Wall x1 |
| 22:32 | Mendihotza · first_market_sell 100 wood |
| 22:34 | Mendihotza · first_market_buy 100 food |
| 22:56 | K4rstein · age_up castle |
| 23:47 | andyalmavila · wall_segment Palisade Wall x1 |
| 24:00 | Mendihotza · first_building Stable |
| 24:03 | chris3er · tribute_sent a jugador 1 |
| 24:03 | chris3er · tribute_sent a jugador 3 |
| 24:03 | chris3er · tribute_sent a jugador 4 |
| 27:14 | andyalmavila · tribute_sent a jugador 1 |
| 27:14 | andyalmavila · tribute_sent a jugador 2 |
| 27:14 | andyalmavila · tribute_sent a jugador 4 |
| 28:24 | andyalmavila · first_market_buy 100 wood |
| 28:32 | andyalmavila · first_building Barracks |
| 28:42 | Mendihotza · first_building Castle |
| 28:48 | chris3er · first_building Monastery |
| 29:45 | andyalmavila · first_building Castle |
| 30:38 | andyalmavila · first_building Archery Range |
| 30:50 | chris3er · first_building Archery Range |
| 30:52 | andyalmavila · wall_segment Palisade Wall x1 |
| 30:55 | Mendihotza · wall_segment Palisade Wall x3 |
| 31:38 | chris3er · age_up imperial |
| 32:25 | andyalmavila · first_market_sell 100 wood |
| 33:05 | Mendihotza · first_building Dock |
| 34:33 | andyalmavila · first_building Monastery |
| 35:24 | chris3er · first_building Castle |
| 37:55 | andyalmavila · first_building Siege Workshop |
| 39:02 | andyalmavila · tribute_sent a jugador 1 |
| 39:02 | andyalmavila · tribute_sent a jugador 2 |
| 39:02 | andyalmavila · tribute_sent a jugador 4 |
| 39:55 | K4rstein · first_building Castle |
| 40:20 | K4rstein · first_building Monastery |
| 40:26 | andyalmavila · tribute_sent a jugador 1 |
| 40:26 | andyalmavila · tribute_sent a jugador 2 |
| 40:26 | andyalmavila · tribute_sent a jugador 4 |
| 44:57 | K4rstein · age_up imperial |
| 45:36 | andyalmavila · tribute_sent a jugador 1 |
| 45:36 | andyalmavila · tribute_sent a jugador 2 |
| 45:36 | andyalmavila · tribute_sent a jugador 4 |
| 45:50 | Mendihotza · wall_segment Palisade Wall x1 |
| 46:01 | K4rstein · first_building Stable |
| 49:19 | andyalmavila · tribute_sent a jugador 1 |
| 49:19 | andyalmavila · tribute_sent a jugador 2 |
| 49:19 | andyalmavila · tribute_sent a jugador 4 |
| 52:28 | andyalmavila · tribute_sent a jugador 1 |
| 52:28 | andyalmavila · tribute_sent a jugador 2 |
| 52:28 | andyalmavila · tribute_sent a jugador 4 |
| 53:14 | Mendihotza · resign |
| 54:04 | K4rstein · first_market_buy 100 stone |
| 58:41 | K4rstein · first_market_sell 100 wood |
[ AI ANALYSIS · 1 CREDIT ]
What really happened in this match?
Wolo.gg analyzes every decision: build order, eco, micro, common mistakes by bracket. Personalized analysis on WhatsApp or Discord in 30 seconds.
Civ guide
Persians
Perfil
Jugador #623342